Map: Radhuset Station LE

Players

GreasyCoyote - Winner!

  • Race: Terran Terran
  • Spawn Location: 7:00

SubN

  • Race: Zerg Zerg
  • League: Diamond
  • Spawn Location: 1:00

VOD

Have the link to the VOD?

Description

Time

  • Played on: Nov. 22, 2023, 8:28 p.m.
  • Length: 23:41
Show
View Real Time Build Order
Export as new Build Order

GreasyCoyote Terran - Winner!

Build Orders: Reaper Expand, Hellion Banshee, Mech 

Get SALT Encoding   

  12  0:00  SCV  
  13  0:12  SCV  
  14  0:18  Supply Depot  
  14  0:24  SCV  
  15  0:40  SCV  
  15  0:41  Barracks  
  16  0:45  Refinery  
  16  0:53  SCV  
  17  1:05  SCV  
  18  1:17  SCV  
  19  1:29  Orbital Command, Reaper  
  20  1:42  Command Center  
  20  1:53  Supply Depot  
  20  1:55  SCV  
  21  2:06  Barracks Reactor  
  21  2:07  SCV  
  22  2:17  Refinery  
  22  2:19  SCV  
  23  2:23  Factory  
  23  2:31  SCV  
  24  2:43  Marine x2, SCV  
  27  2:55  SCV  
  28  2:58  Orbital Command  
  27  3:07  SCV  
  27  3:08  Starport  
  28  3:13  Hellion  
  28  3:14  Hellion, Barracks Tech Lab  
  28  3:19  SCV  
  33  3:23  Supply Depot  
  33  3:25  SCV  
  34  3:31  SCV  
  34  3:35  Hellion  
  36  3:42  SCV  
  36  3:44  SCV  
  37  3:49  Hellion  
  37  3:54  SCV  
  40  3:56  Hellion, SCV  
  40  4:01  Barracks Tech Lab  
  43  4:06  SCV  
  43  4:07  Supply Depot  
  43  4:08  SCV  
  45  4:17  Banshee  
  45  4:19  Hellion x2, SCV  
  45  4:20  SCV  
  54  4:31  SCV  
  55  4:32  SCV  
  55  4:36  Supply Depot  
  56  4:39  Cloaking Field  
  56  4:43  SCV  
  56  4:44  SCV  
  58  4:49  Barracks Reactor  
  58  4:51  Command Center  
  58  4:55  SCV  
  58  4:56  SCV  
  60  5:03  Supply Depot  
  60  5:06  Supply Depot  
  60  5:07  SCV  
  60  5:08  SCV  
  62  5:17  Refinery  
  62  5:18  Refinery  
  62  5:19  SCV  
  62  5:20  SCV  
  64  5:29  Banshee  
  64  5:31  SCV  
  64  5:32  SCV  
  69  5:37  Hyperflight Rotors  
  69  5:38  Supply Depot  
  69  5:43  SCV  
  69  5:45  SCV  
  69  5:47  Widow Mine x2  
  75  5:54  Factory  
  75  5:55  SCV  
  75  5:57  Factory, SCV  
  77  6:04  Orbital Command, Supply Depot  
  77  6:07  SCV  
  77  6:09  SCV  
  77  6:10  Barracks Reactor  
  79  6:12  Banshee  
  79  6:18  Widow Mine x2  
  86  6:26  SCV x2  
  86  6:29  Supply Depot  
  86  6:30  SCV  
  89  6:38  SCV x2  
  95  6:40  Widow Mine x2  
  95  6:42  SCV  
  96  6:50  SCV x2  
  96  6:51  Refinery  
  98  6:54  Refinery, SCV  
  98  6:59  Banshee  
  102  7:02  SCV x2  
  102  7:07  SCV  
  105  7:13  Supply Depot  
  105  7:14  SCV x2  
  107  7:18  Supply Depot  
  107  7:21  Siege Tank  
  110  7:25  Armory  
  110  7:26  SCV x2  
  110  7:27  Command Center, Armory  
  108  7:43  SCV x2  
  108  7:44  SCV  
  109  7:46  Hellion x2  
  111  7:54  Viking x2  
  111  7:55  SCV x2  
  111  7:56  SCV  
  118  8:07  SCV  
  118  8:08  SCV x2  
  118  8:09  Supply Depot  
  119  8:13  Supply Depot  
  119  8:14  Siege Tank  
  119  8:19  Hellion  
  130  8:20  Hellion, Terran Vehicle And Ship Armor Level 1, SCV x3, Siege Tank, Terran Vehicle Weapons Level 1  
  128  8:30  Supply Depot  
  128  8:32  SCV x2  
  125  8:39  Orbital Command  
  125  8:45  Hellion x2  
  125  8:47  Siege Tank  
  132  8:52  Siege Tank  
  135  9:07  Hellion x2  
  135  9:08  Liberator x2  
  145  9:13  SCV x2  
  145  9:14  SCV  
  148  9:19  Siege Tank  
  148  9:24  Siege Tank  
  154  9:27  Factory  
  154  9:29  Factory  
  153  9:42  Hellion, Command Center  
  155  9:47  Command Center  
  155  9:54  Command Center  
  155  9:55  Hellion  
  155  9:56  Hellion  
  156  10:02  Drilling Claws  
  156  10:03  Infernal Pre-Igniter  
  156  10:15  Barracks Tech Lab  
  156  10:21  Supply Depot  
  156  10:42  Liberator  
  156  10:43  Hellion, Siege Tank  
  156  10:44  Supply Depot  
  156  10:45  Terran Vehicle And Ship Armor Level 2, Terran Vehicle Weapons Level 2  
  164  10:53  Hellion  
  164  10:54  Siege Tank, Liberator  
  164  10:56  Barracks Tech Lab  
  170  10:57  Starport, SCV x2  
  170  11:01  Supply Depot  
  170  11:04  Orbital Command  
  172  11:07  Supply Depot  
  172  11:08  Orbital Command  
  172  11:14  Orbital Command  
  172  11:21  Smart Servos  
  169  12:01  Hellion x3, Siege Tank  
  178  12:14  Orbital Command, Starport  
  178  12:16  Hellion x2  
  185  12:22  Siege Tank  
  185  12:29  Starport Tech Lab  
  169  12:48  SCV x2  
  169  12:49  Hellion x3, Siege Tank  
  169  12:50  Hellion x2  
  150  12:54  Siege Tank  
  127  13:06  Starport Tech Lab  
  127  13:07  Terran Vehicle And Ship Armor Level 3, Terran Vehicle Weapons Level 3  
  127  13:10  Hellion x2  
  127  13:11  Siege Tank  
  134  13:14  Hellion x2  
  134  13:17  SCV x3  
  141  13:21  Siege Tank  
  141  13:24  Refinery  
  141  13:25  Refinery  
  146  13:27  Hellion  
  146  13:29  SCV  
  146  13:30  Command Center  
  147  13:38  Command Center  
  147  13:41  Viking x2, Banshee  
  151  13:42  Banshee  
  151  13:43  Siege Tank  
  151  13:48  SCV, Siege Tank  
  163  14:24  Banshee x2  
  137  15:00  Hellion x5, Siege Tank x2  
  151  15:14  SCV x3  
  151  15:15  Viking, Banshee x2  
  151  15:20  Command Center  
  151  15:21  Command Center  
  162  15:25  Command Center  
  162  15:28  Command Center  
  162  15:32  Hellion x2, Siege Tank x2, Viking  
  174  15:45  Viking  
  174  15:48  Command Center  
  176  15:58  Banshee x2  
  176  16:01  Engineering Bay  
  179  16:15  SCV x3  
  182  16:19  Viking x2  
  186  16:28  Terran Ship Weapons Level 1  
  180  16:38  Fusion Core, Hellion x3, Siege Tank  
  180  16:39  Siege Tank x2  
  192  16:41  Banshee x2, Orbital Command x2  
  198  16:47  Planetary Fortress x2  
  198  16:50  Refinery  
  198  16:52  Refinery, Planetary Fortress  
  198  16:56  Neosteel Armor, Sensor Tower  
  198  17:11  Hellion  
  200  18:01  Starport  
  200  18:07  Command Center  
  200  18:09  Starport  
  189  18:36  Hi-Sec Auto Tracking  
  189  18:40  Planetary Fortress  
  168  19:00  Viking  
  168  19:01  Viking x3  
  162  19:14  Viking x2  
  162  19:16  Thor x3  
  184  19:30  Viking  
  184  19:31  Viking x3  
  192  19:35  Hellion, Hellbat x3  
  188  19:44  Viking x2  
  173  19:56  Hellbat x3  
  173  19:58  Thor  
  178  20:00  Viking  
  178  20:01  Viking x3  
  178  20:04  Hellion x4  
  186  20:30  Viking  
  186  20:31  Viking x3  
  180  21:01  Viking  
  166  21:18  Hellbat x7  
  160  21:20  Battlecruiser  
  160  21:21  Starport Tech Lab x2  
  166  21:28  Planetary Fortress  
  166  21:31  Battlecruiser  
  166  21:32  Refinery  
  168  21:33  Refinery  
  168  21:39  Hellbat  
  174  21:40  Hellbat x2  
  174  21:42  Weapon Refit  
  174  21:43  Command Center  
  174  21:53  Hellion x5  
  174  21:54  Command Center  
  168  22:24  Battlecruiser  
  174  22:34  Thor x3  
  174  22:35  Cyclone x3  
  198  23:01  Refinery  
  198  23:02  Refinery  
  198  23:03  Refinery x2  
Show
View Real Time Build Order
Export as new Build Order

SubN Zerg 

Build Orders: Pool First, Swarm Host 

Get SALT Encoding   

  12  0:00  Drone  
  13  0:12  Overlord  
  13  0:19  Drone  
  14  0:31  Drone x2  
  14  0:34  Drone  
  17  0:41  Extractor  
  16  0:48  Spawning Pool  
  15  0:51  Drone  
  16  1:13  Drone  
  17  1:19  Hatchery  
  16  1:26  Drone x2  
  18  1:37  Queen  
  20  1:47  Overlord  
  20  1:51  Zergling x2  
  21  1:54  Zergling x2  
  21  2:00  Metabolic Boost  
  22  2:13  Zergling x4  
  24  2:17  Queen  
  26  2:28  Drone  
  27  2:32  Queen  
  29  3:03  Drone  
  29  3:04  Drone x6  
  36  3:19  Overlord  
  36  3:20  Overlord  
  36  3:37  Queen  
  38  3:48  Drone x9  
  46  4:00  Spine Crawler  
  45  4:09  Drone x3, Roach Warren  
  47  4:12  Overlord  
  47  4:20  Hatchery  
  46  4:28  Drone x5  
  51  4:32  Spore Crawler x2  
  51  4:37  Drone  
  50  4:40  Lair  
  50  4:44  Spore Crawler  
  49  4:46  Spore Crawler  
  49  4:49  Extractor  
  47  4:55  Overlord, Evolution Chamber  
  47  4:56  Evolution Chamber  
  47  4:58  Drone x4  
  49  5:04  Drone  
  49  5:06  Extractor  
  49  5:08  Drone  
  49  5:09  Drone  
  51  5:14  Drone  
  51  5:20  Zerg Missile Weapons Level 1  
  52  5:21  Zerg Ground Armor Level 1  
  52  5:24  Overlord x2  
  52  5:25  Overlord  
  52  5:35  Roach x2  
  56  5:38  Zergling x2  
  56  5:40  Overlord  
  56  5:42  Queen  
  57  5:44  Drone x3  
  57  5:48  Pneumatized Carapace  
  62  5:50  Glial Reconstitution  
  62  5:54  Zergling x2  
  62  5:55  Zergling x2  
  64  5:58  Drone x3  
  64  6:03  Drone  
  68  6:11  Infestation Pit  
  67  6:23  Roach x3  
  67  6:24  Roach x3  
  67  6:25  Roach x2  
  82  6:31  Drone x6  
  88  6:34  Extractor  
  88  6:39  Overlord  
  86  6:40  Overlord  
  86  6:48  Drone x3  
  89  7:06  Hatchery  
  88  7:10  Drone  
  88  7:11  Drone x3, Extractor  
  88  7:15  Zerg Missile Weapons Level 2  
  91  7:17  Overseer  
  91  7:19  Overseer  
  91  7:22  Overlord x4  
  91  7:24  Drone x6  
  91  7:25  Drone x4  
  101  7:32  Extractor  
  101  7:36  Spore Crawler x2  
  94  7:50  Drone  
  95  7:53  Drone  
  95  7:56  Spore Crawler  
  95  8:03  Zerg Ground Armor Level 2  
  95  8:04  Overlord  
  95  8:05  Overlord x3  
  95  8:29  Roach x8  
  105  8:35  Spore Crawler  
  105  8:38  Drone x4  
  108  8:43  Spore Crawler  
  108  8:44  Spore Crawler  
  106  8:51  Hydralisk Den  
  102  8:57  Overseer  
  102  8:58  Queen  
  102  8:59  Queen x2  
  106  9:20  Hydralisk  
  106  9:21  Hydralisk x15  
  128  9:34  Grooved Spines, Queen  
  128  9:37  Overlord x7  
  128  9:38  Overlord  
  126  10:02  Swarm Host  
  126  10:03  Swarm Host x7  
  150  10:12  Hatchery  
  150  10:13  Swarm Host x2  
  150  10:14  Swarm Host x4  
  167  10:24  Muscular Augments  
  167  10:27  Overseer  
  167  10:48  Swarm Host x3  
  174  11:03  Hive  
  174  11:12  Drone x3  
  174  11:13  Drone x12  
  189  11:33  Spore Crawler  
  189  11:36  Spore Crawler  
  187  11:46  Hydralisk x3  
  187  11:47  Hydralisk x3  
  199  12:01  Zergling x2  
  200  12:17  Extractor  
  200  12:19  Extractor, Queen  
  169  13:03  Hydralisk x4  
  169  13:04  Hydralisk x11  
  173  13:14  Roach x10  
  173  13:15  Roach  
  173  13:18  Overseer x2  
  173  13:19  Overseer  
  195  13:20  Overseer  
  195  13:39  Hydralisk  
  195  13:40  Hydralisk  
  199  13:44  Hatchery  
  198  13:51  Zerg Missile Weapons Level 3  
  198  13:52  Zerg Ground Armor Level 3  
  192  14:21  Hatchery, Extractor  
  192  14:23  Hydralisk x5  
  161  14:40  Hydralisk x2  
  161  14:41  Hydralisk x9, Roach  
  161  14:42  Roach  
  161  14:43  Roach x9  
  156  15:23  Spire  
  156  15:25  Viper x5  
  170  15:29  Hydralisk x3  
  170  15:30  Hydralisk x2  
  180  15:40  Queen  
  180  15:41  Queen  
  181  16:05  Extractor  
  180  16:15  Queen  
  180  16:17  Spore Crawler  
  180  16:18  Spore Crawler  
  180  16:20  Spore Crawler  
  180  16:22  Spore Crawler  
  180  16:23  Spore Crawler  
  167  16:38  Corruptor x5  
  167  16:39  Corruptor x6  
  185  16:46  Zerg Melee Weapons Level 1  
  187  16:51  Greater Spire, Queen  
  189  16:55  Drone x3  
  189  16:57  Drone x7  
  189  16:58  Drone  
  200  17:20  Extractor  
  200  17:22  Extractor  
  182  17:50  Zergling x2  
  186  17:51  Zergling x32  
  186  17:52  Zergling x2  
  192  18:16  Brood Lord  
  192  18:17  Brood Lord x9  
  192  18:18  Brood Lord  
  188  18:28  Hydralisk x6  
  199  18:37  Zerg Flyer Weapons Level 1  
  199  18:40  Drone  
  199  18:41  Drone  
  178  18:58  Hydralisk x11  
  178  19:38  Hydralisk x9  
  176  19:39  Hydralisk x3  
  176  19:42  Roach  
  192  20:04  Overlord x7  
  178  20:07  Corruptor  
  178  20:08  Corruptor x2  
  178  20:13  Corruptor  
  172  20:14  Corruptor x3  
  173  20:29  Queen  
  173  20:30  Drone x4  
  173  20:32  Drone x2  
  173  20:36  Corruptor x3  
  162  20:51  Corruptor  
  162  20:52  Corruptor, Hatchery  
  162  20:56  Extractor  
  112  21:30  Drone x3  
  112  21:31  Drone x7  
  122  21:35  Corruptor x4  
  122  21:36  Corruptor  
  122  21:39  Spine Crawler  
  131  21:40  Roach x2  
  131  21:41  Spine Crawler, Roach  
  131  21:42  Spine Crawler  
  131  21:44  Spine Crawler  
  134  21:48  Spine Crawler  
  125  22:05  Roach x7  
  125  22:06  Roach  
  133  22:27  Extractor  
  133  22:28  Queen  
  127  22:38  Baneling Nest  
  127  22:41  Zergling x8  
  127  22:42  Zergling x58  
  127  22:43  Zergling x22  
  157  23:39  Hatchery  
Tags
 
Add a new tag
Caveats
  • Supply blocks, unpowered buildings, or Contaminate may cause inaccurate times.
  • Supply counts are checked every 10 seconds.